 Dungeon Crawl Stone Soup version 0.16-a0-2702-gfff482a (console) character file.

247 utis the Digger (level 5, 0/28 HPs)
             Began as a Deep Elf Earth Elementalist on Nov 25, 2014.
             Slain by a white imp (5 damage)
             ... summoned by Natasha
             ... on level 3 of the Dungeon.
             The game lasted 00:13:02 (5084 turns).

utis the Digger (Deep Elf Earth Elementalist)       Turns: 5084, Time: 00:13:02

Health: 0/28       AC:  2    Str:  6    XL:     5   Next: 85%
Magic:  5/16       EV: 13    Int: 20    God:
Gold:   157        SH:  0    Dex: 15    Spells: 3 memorised, 4 levels left

rFire  . . .     SeeInvis .     b - 142 stones {=f}
rCold  . . .     Clarity  .     c - +0 robe
rNeg   . . .     SustAb   .     (no shield)
rPois  .         Gourm    .     (no helmet)
rElec  .         Spirit   .     (no cloak)
rCorr  .         Warding  .     (no gloves)
rMut   .         Stasis   .     (no boots)
MR     .....                    (no amulet)
Stlth  ++........               (no ring)
                                (no ring)

@: very slightly contaminated, not resistant to hostile enchantments, unstealthy
A: no striking features
a: no special abilities


You were on level 3 of the Dungeon.
You were not hungry.

You visited 1 branch of the dungeon, and saw 3 of its levels.

You collected 157 gold pieces.

Inventory:

Hand weapons
 a - a +0 spear
 k - a +0 short sword
 l - a +0 dagger
 t - a cursed -2 hunting sling
 w - a cursed -2 short sword
Missiles
 b - 142 stones (in hand) {=f}
 i - 17 sling bullets
 n - 4 tomahawks (quivered)
 u - 7 poisoned needles
Armour
 c - a +0 robe (worn)
 r - a +0 helmet
Jewellery
 e - an uncursed amulet of guardian spirit
Scrolls
 m - 2 scrolls of blinking {!r}
 o - a scroll of teleportation {!r}
 s - a scroll of identify
Potions
 f - 2 potions of restore abilities {unknown}
 g - a potion of agility {unknown}
 h - 3 potions of magic
Books
 d - a book of Geomancy

   Spells                             Type                      Level
   *Sandblast                         Earth                        1
   *Stoneskin                         Transmutation/Earth          2
   Passwall                           Transmutation/Earth          3
   *Stone Arrow                       Conjuration/Earth            3
   Petrify                            Transmutation/Earth          4
   Lee's Rapid Deconstruction         Earth                        5
Comestibles
 j - 3 bread rations
 p - a chunk of flesh
 v - a meat ration


   Skills:
 + Level 2.4 Dodging
 - Level 2.4 Stealth
 - Level 3.0 Spellcasting
 - Level 5.0 Conjurations
 - Level 1.1 Transmutations
 - Level 5.1 Earth Magic


You had 4 spell levels left.
You knew the following spells:

 Your Spells              Type           Power        Failure   Level  Hunger
a - Sandblast             Erth           ###...       1%          1    None
b - Stone Arrow           Conj/Erth      ###...       8%          3    ###....
o - Stoneskin             Trmt/Erth      ###.....     10%         2    ##.....


Dungeon Overview and Level Annotations

Branches:
Dungeon (3/15)

Altars:
Gozag
Kikubaaqudgha
Yredelemnul

Annotations:
D:3 Natasha


Message History

Aiming: Sandblast
Press: ? - help, Shift-Dir - straight line, f/p - white imp
Aim: a white imp (moderately wounded, summoned)
The blast of sand hits the white imp.
The white imp is severely wounded.
The white imp closely misses you.
Casting: Sandblast
Confirm with . or Enter, or press ? or * to list all spells.
Aiming: Sandblast
Press: ? - help, Shift-Dir - straight line, f/p - white imp
Aim: a white imp (severely wounded, summoned)
The blast of sand misses the white imp.
The white imp hits you.
* * * LOW HITPOINT WARNING * * *
The white imp freezes you.
* * * LOW HITPOINT WARNING * * *
b - 142 stones (in hand) {=f} The white imp hits you.
* * * LOW HITPOINT WARNING * * *
The white imp freezes you.
You die...

▓. ▓. ▓▓.▓▓▓ ....
....... ≈≈.≈≈
▓....... .≈...≈
▓....... ▓▓▓.≈._.≈
▓.......
▓.5≈≈...≈≈'.......
▓e▓ ▓....... ▓.▓
▓▓▓▓▓▓▓. ▓.▓ ▓▓.
▓.▓ ▓.. ▓.▓ ▓.▓
▓.▓ ▓▓▓▓▓▓.▓ ▓.▓
▓....... ▓.▓
▓....... ▓.▓
▓.......


You could see a white imp.

Vanquished Creatures
  An orc wizard (D:3)
  Natasha (twice) (D:3)
  Jessica (D:3)
  A gnoll (D:2)
  Robin (D:3)
  3 adders (D:3)
  4 worms
  4 giant geckos
  2 oozes (D:2)
  9 orcs (D:3)
  3 giant cockroaches
  19 goblins
  2 hobgoblins
  8 kobolds
  2 ball pythons
  8 bats
  2 giant newts
  9 jackals
  2 quokkas (D:2)
  9 rats
92 creatures vanquished.

Notes
Turn   | Place    | Note
--------------------------------------------------------------
     0 | D:1      | utis, the Deep Elf Earth Elementalist, began the quest for the Orb.
     0 | D:1      | Reached XP level 1. HP: 10/10 MP: 5/5
   346 | D:1      | Reached skill level 4 in Earth Magic
   346 | D:1      | Reached XP level 2. HP: 9/15 MP: 0/8
  1405 | D:2      | Reached XP level 3. HP: 13/19 MP: 7/10
  1780 | D:2      | Reached skill level 5 in Earth Magic
  2038 | D:2      | Learned a level 2 spell: Stoneskin
  2042 | D:2      | Learned a level 3 spell: Stone Arrow
  2086 | D:2      | Reached skill level 1 in Conjurations
  2452 | D:2      | Reached XP level 4. HP: 24/24 MP: 10/13
  2880 | D:3      | Noticed Robin
  3341 | D:3      | Found an ancient bone altar of Kikubaaqudgha.
  3362 | D:3      | Noticed Jessica
  3365 | D:3      | Killed Jessica
  3393 | D:3      | Killed Robin
  3519 | D:3      | Reached XP level 5. HP: 28/28 MP: 14/16
  3859 | D:3      | Found a basalt altar of Yredelemnul.
  4145 | D:3      | Noticed Natasha
  4150 | D:3      | Killed Natasha
  4541 | D:3      | Noticed Natasha
  4619 | D:3      | Killed Natasha
  4977 | D:3      | Found an opulent altar of Gozag.
  4977 | D:3      | Noticed Natasha
  5072 | D:3      | Reached skill level 5 in Conjurations
  5084 | D:3      | Slain by a white imp

Action                   |  1- 3 |  4- 6 || total
-------------------------+-------+-------++-------
Melee: Dagger            |     1 |       ||     1
       Falchion          |       |     2 ||     2
Throw: Stone             |     2 |       ||     2
       Tomahawk          |       |     5 ||     5
 Cast: Sandblast         |    91 |   123 ||   214
       Stone Arrow       |       |    11 ||    11
  Use: Scroll            |     2 |     2 ||     4
  Eat: Chunk             |     4 |    10 ||    14
